 Dungeon Crawl Stone Soup version 0.31-a0-1074-g0b22e4e0f1 (webtiles) character file.

Game seed: 2842485305197991077

144 sammy202020 the Trooper (level 5, 47/47 HPs)
             Began as a Minotaur Fighter on Nov 26, 2023.
             Quit the game on level 3 of the Dungeon.
             The game lasted 00:03:59 (2259 turns).

sammy202020 the Trooper (Minotaur Fighter)          Turns: 2259, Time: 00:03:59

Health: 47/47      AC: 10    Str: 20    XL:     5   Next: 5%
Magic:  4/4        EV:  8    Int:  5    God:
Gold:   90         SH:  5    Dex: 10    Spells: 4/4 levels left

rFire   . . .        a - +0 flail
rCold   . . .        c - +1 buckler
rNeg    . . .        g - +0 chain mail
rPois   .            (helmet restricted)
rElec   +            (no cloak)
rCorr   .            (no gloves)
SInv    .            i - +0 pair of boots
Will    .....        (no amulet) Stlth
                     (no ring)
HPRegen 0.27/turn    (no ring)
MPRegen 0.09/turn

%: no passive effects
@: weak-willed
A: horns 2, retaliatory headbutt, deterioration 1, dopey 1, electricity
resistance, wild magic 1
a: no special abilities


You were on level 3 of the Dungeon.
You visited 1 branch of the dungeon, and saw 3 of its levels.

You collected 90 gold pieces.

Inventory:

Hand Weapons
 a - a +0 flail (weapon)
Missiles
 f - 25 stones
 s - a throwing net
 t - 3 boomerangs (quivered)
Armour
 c - a +1 buckler (worn)
 g - a +0 chain mail (worn)
 i - a +0 pair of boots (worn)
Jewellery
 u - an amulet of magic regeneration
Scrolls
 k - a scroll of enchant armour
 q - 2 scrolls of fear
Potions
 d - a potion of might
 h - 2 potions of heal wounds
 j - a potion of curing {unknown}
 n - a potion of haste {unknown}
 o - a potion of enlightenment {unknown}


   Skills:
 * Level 4.5 Fighting
 * Level 3.5 Maces & Flails
 + Level 1.1 Throwing
 * Level 4.4 Armour
 + Level 1.1 Dodging
 * Level 4.5 Shields


You had 4 spell levels left.
You didn't know any spells.
Your spell library contained the following spells:

 Spells                   Type           Power      Damage    Failure   Level
 Kiss of Death            Conj/Necr      0%         2d5       99%         1
 Ozocubu's Armour         Ice            0%         N/A       100%        3
 Ozocubu's Refrigeration  Ice            0%         4d7       100%        7


Dungeon Overview and Level Annotations

Branches:
Dungeon (3/15)

Altars:

Shops:
D:2 ?


Innate Abilities, Weirdness & Mutations

You have a pair of horns on your head.
You reflexively headbutt those who attack you in melee.
Your body sometimes deteriorates upon taking damage.
You are dopey. (Int -2)
You are resistant to electric shocks. (rElec)
Your spells are a little harder to cast, but a little more powerful.


Message History

No target in view!
No target in view!
No target in view!
No target in view!
No target in view!
No target in view!
Done exploring.
Done exploring.
Done exploring.
No target in view!
No target in view!
No target in view!
No target in view!
No target in view!
As you read the scroll labelled JUCIR GAJIA, it crumbles to dust.
You feel strangely unstable.
It was a scroll of teleportation.
As you read the scroll labelled IMPACUAXEOS, it crumbles to dust.
It is a scroll of enchant armour.
Your +0 buckler glows green for a moment.
As you read the scroll labelled EHAUNO NOFIMM, it crumbles to dust.
It is a scroll of amnesia.
You feel forgetful for a moment.
As you read the scroll labelled YBYTUP TI LENK, it crumbles to dust.
Magic quickly surges around you.
It was a scroll of vulnerability.
As you read the scroll labelled YRPHOA FUGA, it crumbles to dust.
It is a scroll of identify.
h - 2 potions of heal wounds Your surroundings suddenly seem different.
As you read the scroll of identify, it crumbles to dust.
e - a potion of mutation
As you read the scroll labelled ARIAMO HEUX, it crumbles to dust.
You assume a fearsome visage.
Nothing appears to happen.
It was a scroll of fear.
As you read the scroll labelled GANIFY FUSA, it crumbles to dust.
The air around you briefly surges with heat, but it dissipates.
It was a scroll of immolation.
You feel extremely strange.
You feel less in control of your magic.
You feel stupid.
You feel yourself wasting away.
You feel insulated.
Are you sure you want to abandon this character and quit the game? (Confirm with "yes".)

#.......############....#......#
#.......# #....#.####..
#.......# #....#.# #...
#.......# #....#.###..#
##.......# #####....#.......
#...###### #...÷##########..
..### #########.............÷..
### #.............##########.
#.######@............# #. ######
#.# #........####'###. .#...#
#.# #.....##..........
.#.#.####.# #.....'....÷......
.#.#......#
#####....###.........
.#.########
#...#......+..÷...... .......#
#...#....###........# .#.###.#
#...#....# #........# ....##.#
#...#....# #........#


There were no monsters in sight!

Vanquished Creatures
  An iguana (D:3)
  4 adders
  A worm (D:3)
  2 dart slugs
  5 orcs (D:3)
  5 ball pythons
  5 endoplasms
  A giant cockroach (D:3)
  5 goblins
  6 hobgoblins
  10 jackals
  8 kobolds
  2 quokkas (D:2)
  4 bats
  6 frilled lizards
  3 rats
68 creatures vanquished.

Notes
Turn   | Place    | Note
-------+----------+-------------------------------------------
     0 | D:1      | sammy202020 the Minotaur Fighter began the quest for the
                  | Orb.
     0 | D:1      | Reached XP level 1. HP: 19/19 MP: 0/0
    83 | D:1      | Reached XP level 2. HP: 25/27 MP: 1/1
   790 | D:2      | Reached XP level 3. HP: 33/33 MP: 2/2
  1084 | D:2      | Found Bimirem's Magic Scroll Shop.
  1256 | D:2      | Found a faded altar of an unknown god.
  1264 | D:2      | Got Plato's Textbook on Zombies
  1407 | D:3      | Reached XP level 4. HP: 40/40 MP: 3/3
  1552 | D:3      | Reached skill level 1 in Dodging
  1604 | D:3      | Reached skill level 1 in Throwing
  2016 | D:3      | Reached XP level 5. HP: 47/47 MP: 4/4
  2258 | D:3      | Gained mutation: Your spells are a little harder to cast,
                  | but a little more powerful. [potion of mutation]
  2258 | D:3      | Gained mutation: You are dopey. (Int -2) [potion of
                  | mutation]
  2258 | D:3      | Gained mutation: Your body sometimes deteriorates upon
                  | taking damage. [potion of mutation]
  2258 | D:3      | Gained mutation: You are resistant to electric shocks.
                  | (rElec) [potion of mutation]
  2259 | D:3      | Quit the game

Illustrated notes

Levels and vault maps discovered:
D:1:      dpeg_arrival_pits, layout_rooms, serial_corexii_hall,
          corexii_hall_statues_s, corexii_hall_statues_i,
          chequers_hall_statues_wall_a
D:2:      minmay_alternating_diamond, layout_loops_cross, serial_shops, shop,
          shapermc_ecumenical_altar_rom_forum
D:3:      layout_basic

Skill      XL: |  1  2  3  4 |
---------------+-------------+-----
Fighting       | 4 |  4.5
Shields        | 4 |  4.5
Armour         | 4 |  4.4
Maces & Flails | 3 |  3.5
Dodging        | 1 |  1.1
Throwing       | 1 |  1.1

Action                     |  1- 3 |  4- 6 || total
---------------------------+-------+-------++-------
  Melee: Flail             |   103 |    61 ||   164
         Headbutt          |    14 |    13 ||    27
    Use: Scroll            |     2 |     8 ||    10
         Potion            |       |     1 ||     1
 Armour: Scale mail        |     5 |       ||     5
         Chain mail        |    84 |    56 ||   140
  Dodge: Dodged            |    49 |    20 ||    69
  Block: Buckler           |    33 |    14 ||    47

Table legend: (Time is in decaauts)
 A = Elapsed time spent in this place.
 B = Non-inter-level travel time spent in this place.
 C = Inter-level travel time spent in this place.
 D = Time resting spent in this place.
 E = Time spent auto-exploring this place.
 F = Levels seen in this place.
 G = Mean time per level.
                   A        B        C        D        E       F      G
               +--------+--------+--------+--------+--------+-----+--------+
         Total |   2303 |   2193 |    110 |      0 |   1514 |   3 |  767.7 |
       Dungeon |   2303 |   2193 |    110 |      0 |   1514 |   3 |  767.7 |
               +--------+--------+--------+--------+--------+-----+--------+

Top non-repeatable levels by time:
     D:3: 913 daAuts
     D:1: 730 daAuts
     D:2: 659 daAuts
